Map: 윈터스 게이트 - 래더

Players

llllllllllll (Trap) - Winner!

  • Race: Protoss Protoss
  • League: Master
  • Spawn Location: 5:00

llllllllllll (Oliveira)

  • Race: Terran Terran
  • League: Master
  • Spawn Location: 11:00

Event: HomeStory Cup XX

VOD

Have the link to the VOD?

Description

Time

  • Played on: Nov. 21, 2019, 6:46 a.m.
  • Length: 21:51

All games in this series

Show
View Real Time Build Order
Export as new Build Order

llllllllllll Protoss - Winner!

Build Orders: 1 Gate Expand, Blink Stalkers 

Get SALT Encoding   

  12  0:00  Probe  
  13  0:12  Probe  
  14  0:17  Pylon  
  14  0:24  Probe  
  15  0:32  Probe  
  15  0:36  Gateway  
  15  0:40  Probe  
  16  0:45  Assimilator  
  17  0:51  Probe  
  18  1:03  Probe  
  19  1:15  Probe  
  20  1:23  Nexus  
  20  1:33  Cybernetics Core  
  20  1:34  Probe  
  21  1:43  Assimilator  
  21  1:47  Probe  
  22  1:52  Pylon  
  22  1:59  Probe  
  22  2:00  Adept  
  23  2:11  Warp Gate, Probe  
  26  2:20  Stalker  
  26  2:23  Probe  
  27  2:31  Probe, Twilight Council  
  27  2:35  Probe  
  31  2:39  Probe  
  32  2:47  Probe  
  32  2:48  Blink  
  32  2:49  Probe  
  33  2:53  Stalker  
  36  2:59  Probe  
  36  3:01  Probe  
  38  3:11  Probe  
  39  3:13  Probe  
  40  3:22  Robotics Facility  
  40  3:23  Probe  
  40  3:25  Probe  
  42  3:31  Pylon  
  42  3:35  Probe  
  42  3:37  Probe  
  44  3:45  Nexus  
  44  3:48  Probe  
  45  3:50  Probe  
  46  3:58  Stalker  
  48  4:03  Gateway  
  48  4:05  Probe, Gateway  
  48  4:06  Probe  
  48  4:19  Observer, Probe  
  47  4:28  Pylon, Probe  
  47  4:30  Assimilator, Stalker  
  50  4:31  Probe  
  51  4:39  Forge  
  51  4:40  Observer, Probe  
  51  4:43  Probe  
  51  4:45  Pylon  
  54  4:49  Charge  
  54  4:50  Probe  
  55  4:53  Probe  
  55  4:55  Probe  
  55  4:58  Probe  
  57  5:01  Probe  
  57  5:02  Observer  
  57  5:06  Probe  
  57  5:07  Probe  
  57  5:11  Shield Battery, Probe  
  59  5:18  Probe  
  59  5:20  Probe  
  60  5:23  Probe  
  61  5:31  Stalker x3, Probe  
  61  5:32  Observer, Probe  
  68  5:36  Probe  
  68  5:40  Pylon  
  69  5:43  Probe  
  69  5:44  Probe x2  
  69  5:45  Assimilator  
  69  5:46  Assimilator  
  72  5:53  Probe  
  72  5:55  Probe  
  72  5:56  Probe  
  75  5:58  Protoss Ground Armor Level 1  
  75  6:04  Stalker x3  
  79  6:07  Pylon, Probe x2  
  79  6:08  Pylon, Probe  
  83  6:19  Probe  
  83  6:21  Probe x2  
  86  6:31  Probe  
  87  6:38  Immortal, Gateway  
  87  6:39  Gateway  
  87  6:40  Templar Archives  
  87  6:43  Gateway  
  87  6:45  Gateway  
  91  6:47  Gateway  
  91  6:48  Forge, Probe  
  91  6:49  Assimilator, Probe x2  
  91  6:53  Pylon  
  94  6:54  Pylon, Observer  
  94  6:55  Sentry x2  
  94  6:56  Zealot  
  94  6:58  Psionic Storm  
  100  7:03  Observer  
  100  7:08  Photon Cannon  
  100  7:14  Immortal  
  100  7:17  Observer  
  104  7:23  Pylon  
  104  7:25  High Templar x2  
  104  7:26  Zealot  
  109  7:34  High Templar  
  109  7:35  Protoss Ground Weapons Level 1  
  109  7:37  Nexus  
  110  7:38  Pylon  
  110  7:41  Probe x2  
  110  7:42  Probe  
  113  7:44  High Templar, Zealot x3  
  113  7:48  Pylon  
  121  7:56  Protoss Ground Armor Level 2  
  121  8:00  Pylon  
  121  8:02  Warp Prism  
  121  8:06  Pylon  
  121  8:07  Zealot x5, Robotics Facility  
  121  8:09  Robotics Bay  
  131  8:19  Probe x2  
  135  8:21  Probe  
  136  8:29  Zealot  
  136  8:31  Probe  
  136  8:33  Probe  
  136  8:34  Probe  
  141  8:35  Immortal, Photon Cannon  
  141  8:38  Pylon  
  141  8:43  Probe  
  141  8:45  Colossus  
  146  8:51  Observer  
  146  8:56  Extended Thermal Lance  
  146  9:01  Assimilator  
  146  9:02  Probe x4  
  156  9:03  Assimilator  
  156  9:04  Zealot, Colossus  
  164  9:25  Protoss Ground Weapons Level 2  
  164  9:26  High Templar x2  
  164  9:27  Zealot x6  
  164  9:29  Colossus  
  164  9:30  Pylon, Archon  
  184  9:49  Stargate  
  180  9:56  Colossus  
  179  10:13  Colossus  
  173  10:20  Zealot x8  
  185  10:31  Protoss Ground Armor Level 3  
  172  10:38  Colossus  
  142  10:46  Zealot x8  
  144  10:54  Gravitic Drive  
  150  11:01  Disruptor  
  150  11:07  Robotics Facility  
  150  11:09  High Templar x4, Zealot x3  
  150  11:10  Zealot  
  169  11:16  Nexus  
  169  11:20  Gateway  
  169  11:22  Gateway  
  169  11:24  Gateway  
  169  11:25  Disruptor  
  169  11:29  Disruptor  
  169  11:31  Observer  
  165  11:41  Fleet Beacon  
  165  11:43  Sentry  
  165  11:44  Zealot x7  
  165  11:45  Stargate  
  179  11:51  Disruptor, Photon Cannon  
  179  11:52  Pylon  
  179  11:58  Disruptor  
  179  12:01  Disruptor  
  179  12:02  Gravitic Boosters  
  186  12:15  Protoss Ground Weapons Level 3  
  186  12:22  Zealot x3  
  190  12:23  Stalker x3  
  190  12:27  Warp Prism  
  188  12:31  Photon Cannon  
  188  12:33  Disruptor  
  188  12:35  Photon Cannon  
  188  12:36  Disruptor  
  190  12:51  High Templar x2, Zealot  
  192  12:52  Zealot x2  
  198  13:02  Warp Prism  
  182  13:06  Archon  
  182  13:10  Observer  
  182  13:11  Stalker x5  
  182  13:12  Stalker x2  
  192  13:13  Observer  
  172  13:31  Zealot x4  
  172  13:32  Observer  
  180  13:37  Protoss Shields Level 1  
  180  13:39  Observer  
  180  13:40  Disruptor x2  
  187  13:47  Pylon  
  183  13:49  Pylon  
  183  13:51  Nexus  
  181  13:56  Zealot x3  
  186  14:14  Pylon, Zealot x5  
  194  14:19  Observer x2  
  196  14:30  Stalker x4  
  200  14:42  Tempest  
  200  14:43  Tempest  
  200  14:45  Observer  
  194  14:55  Zealot x3  
  194  14:56  Zealot  
  192  15:11  Nexus  
  190  15:24  Tempest x2  
  190  15:27  Protoss Air Weapons Level 1  
  191  15:39  High Templar  
  191  15:40  High Templar x2  
  190  15:57  Tempest x2  
  167  16:21  Archon  
  167  16:25  Stalker x9  
  155  16:26  Stalker  
  155  16:30  Colossus x2  
  155  16:31  Colossus  
  142  16:37  Stalker  
  119  16:53  High Templar x3  
  119  16:54  High Templar  
  135  16:58  Archon x2  
  135  17:00  Observer, Stalker x3  
  138  17:02  Observer  
  138  17:15  High Templar x3  
  138  17:20  Nexus  
  117  17:48  Warp Prism  
  117  17:50  High Templar x4  
  117  17:51  Zealot x7  
  128  17:53  Observer  
  128  17:55  Archon x2  
  137  18:05  Observer  
  137  18:17  Observer  
  135  18:21  Stalker  
  135  18:22  Stalker x2  
  135  18:23  High Templar x2  
  139  18:30  Pylon  
  139  18:40  Sentry x2  
  143  18:41  Zealot x4  
  143  18:45  Observer  
  150  18:54  Zealot  
  153  18:59  Zealot x3  
  159  19:03  Photon Cannon  
  159  19:23  Stalker x4  
  159  19:24  Stalker  
  154  19:40  Archon  
  136  19:47  Observer  
  122  19:52  Archon  
  122  19:56  Zealot  
  122  19:57  High Templar x2, Zealot x3  
  122  19:58  High Templar, Zealot x3  
  122  19:59  Zealot  
  140  20:04  Observer  
  135  20:10  Observer  
  134  20:19  Colossus  
  134  20:31  Pylon  
  140  20:40  Observer  
  137  20:52  Nexus  
  137  20:55  High Templar  
  137  20:56  Zealot x7  
  143  21:09  Observer  
  143  21:25  Assimilator  
  143  21:26  Assimilator  
  143  21:32  Zealot x7  
  130  21:40  Archon  
  97  21:50  Stalker  
Show
View Real Time Build Order
Export as new Build Order

llllllllllll Terran 

Build Orders: Reaper Expand, Banshee Rush 

Get SALT Encoding   

  12  0:01  SCV  
  13  0:13  SCV  
  14  0:17  Supply Depot  
  14  0:25  SCV  
  15  0:39  SCV  
  15  0:41  Barracks  
  16  0:45  Refinery  
  16  0:51  SCV  
  17  1:03  SCV  
  18  1:15  SCV  
  19  1:28  Orbital Command, Reaper  
  20  1:46  Command Center  
  20  1:52  Supply Depot  
  20  1:54  SCV  
  20  2:00  Marine  
  22  2:06  SCV  
  23  2:09  Factory  
  23  2:12  Refinery  
  23  2:18  SCV  
  24  2:23  Barracks Reactor, Bunker  
  24  2:30  SCV  
  25  2:42  SCV  
  26  2:57  Orbital Command, SCV  
  26  2:58  Starport  
  27  3:04  Hellion x2  
  31  3:06  Orbital Command  
  31  3:08  Barracks Tech Lab  
  31  3:09  SCV  
  32  3:25  Hellion x2  
  32  3:26  SCV  
  37  3:33  SCV  
  38  3:34  Barracks Tech Lab  
  38  3:38  Supply Depot  
  37  3:42  Cloaking Field, SCV  
  37  3:43  Banshee  
  37  3:45  SCV  
  42  3:54  SCV  
  43  3:58  SCV  
  43  3:59  Supply Depot  
  43  4:01  Marine x2  
  43  4:02  Siege Tank  
  49  4:06  SCV  
  50  4:10  SCV  
  47  4:18  SCV  
  47  4:19  Marine x2  
  47  4:23  SCV  
  47  4:26  Banshee  
  50  4:32  Command Center, SCV  
  50  4:37  Marine  
  50  4:38  SCV  
  53  4:40  Siege Tank  
  53  4:44  SCV  
  53  4:45  Supply Depot  
  57  4:50  SCV  
  58  4:54  Barracks  
  58  4:57  Marine x2, SCV  
  61  5:02  SCV  
  62  5:10  SCV  
  62  5:11  Supply Depot  
  62  5:14  Barracks  
  60  5:16  Marine, Siege Tank  
  60  5:17  SCV  
  60  5:20  Engineering Bay  
  60  5:21  Engineering Bay  
  65  5:25  Refinery, Marine  
  65  5:26  Refinery  
  66  5:30  SCV  
  66  5:33  SCV  
  66  5:34  Marine  
  68  5:37  Supply Depot  
  68  5:43  Marine, SCV  
  68  5:49  Orbital Command  
  70  5:50  Terran Infantry Weapons Level 1, Terran Infantry Armor Level 1  
  70  5:52  Marine  
  70  5:53  SCV  
  72  5:57  Factory Reactor  
  72  5:59  Barracks  
  72  6:00  Marine, SCV  
  72  6:01  Barracks  
  72  6:03  Marine, Stimpack  
  75  6:08  SCV  
  75  6:11  Marine x2, Supply Depot  
  76  6:15  Combat Shield  
  76  6:18  Starport Reactor, Orbital Command  
  78  6:19  Marine, SCV  
  78  6:22  Marauder  
  78  6:24  SCV  
  83  6:30  Marauder  
  83  6:31  SCV  
  86  6:34  Marine, Supply Depot  
  86  6:36  SCV  
  86  6:37  Widow Mine, Missile Turret  
  92  6:40  Widow Mine  
  92  6:43  Marauder, SCV  
  92  6:45  SCV  
  92  6:46  Supply Depot, Barracks Reactor  
  96  6:49  Barracks Tech Lab  
  96  6:50  SCV  
  96  6:51  Marine  
  96  6:52  Marauder  
  96  6:53  Marine  
  101  6:56  Medivac  
  101  6:59  Medivac  
  101  7:00  SCV x2  
  107  7:02  SCV  
  107  7:06  Widow Mine x2  
  112  7:09  Supply Depot  
  112  7:11  Marauder x2  
  112  7:12  Marine, Concussive Shells  
  112  7:14  SCV x2  
  119  7:19  Armory  
  119  7:22  Marauder  
  119  7:25  Supply Depot, Missile Turret  
  119  7:26  SCV  
  120  7:31  Medivac  
  120  7:32  Supply Depot  
  120  7:33  Widow Mine x2  
  120  7:34  Marine x2, Marauder  
  120  7:36  SCV x2  
  129  7:40  Ghost Academy, SCV  
  129  7:43  Refinery x2  
  130  7:46  Marauder  
  130  7:51  SCV x2  
  134  7:52  Marine, Marauder, Supply Depot  
  134  7:53  Medivac  
  139  8:00  Supply Depot  
  139  8:01  Marine x2  
  139  8:03  SCV  
  142  8:05  Command Center  
  142  8:07  Terran Infantry Weapons Level 2  
  142  8:16  Ghost, SCV  
  142  8:18  Marauder x2  
  149  8:21  Supply Depot  
  146  8:28  Medivac  
  146  8:30  Medivac  
  146  8:31  Marine x4  
  146  8:34  SCV  
  154  8:35  SCV  
  154  8:36  Supply Depot  
  155  8:42  Terran Infantry Armor Level 2  
  155  8:43  Missile Turret  
  155  8:46  Missile Turret  
  155  8:47  Missile Turret  
  155  8:51  Enhanced Shockwaves  
  155  8:53  Marine x4  
  155  8:55  Marauder x3  
  165  9:00  Supply Depot  
  165  9:03  Viking  
  165  9:04  Viking  
  169  9:10  Barracks  
  169  9:11  Barracks  
  169  9:12  Barracks  
  169  9:15  Marine  
  169  9:16  SCV x2  
  172  9:18  Ghost  
  172  9:19  Supply Depot  
  172  9:24  Ghost  
  176  9:37  Ghost  
  178  9:39  Viking  
  178  9:40  Refinery  
  178  9:41  Missile Turret  
  178  9:45  Starport  
  180  9:47  Marauder, SCV x2  
  180  9:48  Planetary Fortress  
  180  9:50  SCV  
  176  10:04  Marine, Marauder, SCV  
  176  10:06  SCV  
  179  10:08  Marine x4, Marauder  
  179  10:09  Marauder  
  179  10:11  Marine x2  
  179  10:13  SCV  
  186  10:17  SCV  
  186  10:21  Marine  
  186  10:22  SCV  
  186  10:26  Marine  
  186  10:27  Marine x2  
  186  10:28  Marauder  
  187  10:32  Marauder  
  187  10:34  Marauder  
  182  10:36  Marine  
  182  10:39  Marine  
  153  10:43  Marine  
  153  10:45  Marine x2  
  153  10:46  Viking  
  153  10:49  Marauder  
  157  10:52  Barracks Tech Lab, Barracks Reactor  
  157  10:53  Marauder, Terran Infantry Weapons Level 3  
  157  10:55  Marauder, Barracks Tech Lab  
  159  11:00  Refinery, Command Center  
  159  11:01  Marine x2  
  159  11:02  Marine  
  159  11:03  Viking x2  
  164  11:05  Viking  
  164  11:09  SCV  
  164  11:10  Marauder  
  169  11:12  SCV  
  169  11:14  Marauder, Sensor Tower  
  169  11:16  Ghost  
  169  11:17  Marauder  
  169  11:18  Marine x2  
  178  11:20  Marine  
  178  11:21  Marine  
  178  11:23  Viking  
  178  11:24  Marine  
  183  11:28  Terran Ship Weapons Level 1  
  183  11:31  Supply Depot  
  183  11:32  Marauder, Supply Depot  
  184  11:34  Marine x2, Bunker  
  184  11:38  Viking  
  188  11:44  Marauder  
  188  11:46  Marine  
  191  11:53  Marauder x2  
  195  11:54  Ghost x2  
  199  12:04  Fusion Core  
  199  12:07  Terran Infantry Armor Level 3  
  199  12:26  Sensor Tower  
  199  12:28  Marine, Marauder  
  199  12:30  Marine x2  
  199  12:32  Marine  
  199  12:33  Marauder  
  193  12:45  Marine x2  
  193  12:46  Marauder  
  197  12:51  Advanced Ballistics  
  197  12:53  Liberator x2  
  197  12:54  Liberator x2  
  197  12:56  Marine, Marauder  
  200  13:05  Marine x3  
  188  13:06  Marauder  
  188  13:08  Marine  
  188  13:09  Marine  
  188  13:10  Marine, Marauder  
  194  13:19  Marine x2, Marauder  
  195  13:23  Marine  
  179  13:27  Marauder  
  179  13:28  Marine x3  
  179  13:29  Marauder  
  179  13:31  Ghost  
  179  13:32  SCV  
  187  13:36  Liberator x2, Terran Ship Weapons Level 2, Ghost  
  187  13:37  Planetary Fortress  
  187  13:38  Liberator  
  187  13:40  Ghost  
  184  13:43  Marine x2  
  184  13:45  SCV  
  184  13:47  Marine  
  184  13:48  Marine  
  183  13:49  Marauder  
  183  13:50  Refinery  
  183  13:52  Refinery  
  183  13:54  Marine x2, Marauder  
  197  14:05  Marine x2  
  199  14:10  Liberator, Sensor Tower  
  199  14:14  SCV  
  199  14:16  Missile Turret  
  199  14:17  Hi-Sec Auto Tracking, Marine  
  199  14:19  Liberator  
  200  14:27  Command Center  
  194  14:33  Liberator  
  197  14:38  Marine  
  197  14:39  Marauder  
  197  14:44  Liberator, Neosteel Armor  
  198  14:48  Marine  
  198  14:49  Marine, Marauder  
  198  14:51  Ghost x2  
  198  14:52  Marine  
  185  15:04  Command Center  
  189  15:10  Marauder x2  
  189  15:12  Medivac  
  194  15:19  Liberator  
  192  15:23  Marine x2  
  192  15:24  Marauder  
  192  15:25  Orbital Command  
  196  15:41  Marine  
  200  15:47  Liberator  
  193  16:06  Liberator  
  193  16:08  Liberator x2  
  196  16:16  Marine  
  196  16:17  Marine x2, Marauder x2  
  174  16:24  Marine x3  
  174  16:25  Marauder x2  
  167  16:34  Marine  
  167  16:38  Marauder  
  167  16:39  Marine x2, Marauder  
  166  16:46  Marine x2, Marauder  
  159  16:53  SCV  
  154  16:56  Marine x2, Marauder  
  154  16:58  Marine x2, Marauder  
  153  17:03  Terran Ship Weapons Level 3  
  153  17:08  Viking x2  
  155  17:12  Viking  
  155  17:13  Viking, Ghost x2  
  154  17:16  SCV x2  
  154  17:17  Marine, SCV  
  154  17:18  Marauder, Marine  
  161  17:26  Marine x2  
  161  17:27  Marauder  
  146  17:38  Marine x3  
  130  17:44  Marine x3  
  130  17:45  Marauder x2  
  130  17:47  Viking  
  130  17:49  Marine x2  
  151  17:51  Medivac  
  133  17:54  Medivac  
  133  17:55  SCV  
  133  17:56  Marine  
  138  18:02  Marine x2  
  138  18:04  Marine x2  
  144  18:07  Marine  
  144  18:12  Viking  
  145  18:15  Marauder  
  146  18:23  Marauder  
  146  18:24  Marauder  
  150  18:30  Planetary Fortress  
  150  18:34  Viking  
  150  18:38  Viking  
  160  18:55  Viking x2  
  154  19:00  Marauder x4  
  166  19:04  Viking  
  166  19:08  Viking  
  170  19:11  Marauder  
  170  19:16  Marine  
  170  19:17  Marine x2  
  173  19:21  Marauder x2  
  177  19:25  Viking  
  177  19:26  Marine x2  
  177  19:27  Marauder  
  177  19:29  Viking  
  147  19:49  Marine  
  147  19:50  Marine x2, Marauder x2, Viking x2  
  147  19:51  Marine  
  147  19:52  Marauder  
  119  20:01  Marine  
  112  20:08  Ghost  
  114  20:17  Marauder x2  
  117  20:23  Marauder  
  117  20:31  Marauder  
  119  20:38  Marauder  
  120  20:43  Marauder  
  120  20:45  Orbital Command  
  120  20:46  SCV  
  120  20:53  Medivac x2  
  123  21:05  Medivac  
  123  21:06  Marauder  
  127  21:12  SCV x2  
  127  21:16  Marauder  
  130  21:20  SCV  
  131  21:31  SCV  
Tags
 
Add a new tag
Caveats
  • Supply blocks, unpowered buildings, or Contaminate may cause inaccurate times.
  • Supply counts are checked every 10 seconds.